AoeStats
← NicoCHavez2015

Arabia

509551247Analyzed
1v1 RM · 5d ago on Sep 27, 2026· 36m 51s· 2 players
Game mode
Random Map
Map size
Tiny (2 player)
Population
200
Speed
Normal
Resources
Standard
Victory
Conquest
Starting age
Dark Age
Ending age
Imperial Age
RankedLock teamsTeams togetherTeam positionsShared explorationLock speedFull tech treeHidden civsTurbo modeCheats
Victory
Defeat
🇰🇷 Britons · South Korea
1093
+42
🇧🇴 Magyars · Bolivia
1097
-16
남조선사람
6:06 Loom
8:27 Feudal Age
8:29 Man-at-Arms
11:52 Double-Bit Axe
15:16 Fletching
21:09 Castle Age
19:34 Padded Archer Armor
19:15 Horse Collar
20:05 Gold Mining
21:12 Crossbowman
21:49 Bodkin Arrow
23:00 Bow Saw
23:23 Ballistics
27:23 Wheelbarrow
27:46 Leather Archer Armor
27:41 Town Watch
33:50 Imperial Age
31:34 Heavy Plow
31:42 Stone Mining
32:42 Hand Cart
33:53 Gold Shaft Mining
34:33 Bracer
35:36 Chemistry
34:11 Elite Longbowman
35:41 Ring Archer Armor
36:53 Two-Man Saw
36:34 Conscription
NicoCHavez2015
3:37 Loom
10:16 Feudal Age
13:28 Double-Bit Axe
21:25 Castle Age
20:07 Bloodlines
21:26 Gold Mining
26:28 Gold Shaft Mining
26:11 Bow Saw
27:14 Horse Collar
27:38 Town Watch
28:28 Scale Barding Armor
30:41 Husbandry
37:59 Wheelbarrow
Connection lost

Rejoining the realm…

Still unreachable

The connection could not be restored.

Session expired

The server has moved on; the page needs a fresh start.